 Dungeon Crawl Stone Soup version bcrawl-1.39.1 (webtiles) character file.

Game seed: 12486313886253544780

144098 Finalfun the Skirmisher (level 4, -6/51 HPs)
             Began as an Ent Wanderer on Sept 23, 2023.
             Was a Follower of Elyvilon.
             Splashed by a jelly's acid (10 damage)
             ... on level 3 of the Dungeon.
             The game lasted 00:04:55 (2045 turns).

Finalfun the Skirmisher (Ent Wanderer)              Turns: 2045, Time: 00:04:55

Health: -6/51      AC: -1    Str: 19    XL:     4   Next: 74%
Magic:  7/7        EV: 10    Int: 15    God:    Elyvilon [*.....]
Gold:   107        SH:  0    Dex:  8    Spells: 7/7 levels left

rFire    . . .     GDR:     29% a - +2 mace
rCold    . . .     SeeInvis .   (no shield)
rNeg     + + +     Gourm    .   (armour unavailable)
rPois    +         Faith    .   (helmet restricted)
rElec    .         Spirit   .   (no cloak)
rCorr    .         Reflect  .   (gloves unavailable)
MR       .....                  (boots unavailable)
Stlth    ++........             (no amulet)
HPRegen  0.18/turn              (no ring)
MPRegen  0.10/turn              (no ring)

@: corroded, very slow
A: large, slow actions, passwall, strong branches, negative energy resistance 3,
poison resistance, slow metabolism 1, torment resistance, unbreathing, AC +11
a: Passwall, Lesser Healing, Divine Protection, Renounce Religion


You were on level 3 of the Dungeon.
You worshipped Elyvilon.
Elyvilon was aware of your devotion.
You were hungry.

You visited 1 branch of the dungeon, and saw 3 of its levels.

You collected 107 gold pieces.

Inventory:

Hand Weapons
 a - a +2 mace (weapon)
 b - a +0 hand crossbow
Missiles
 c - 210 bolts
 m - 880 stones (quivered)
Scrolls
 g - 2 scrolls of fear {unknown}
 h - a scroll of teleportation {unknown}
 i - a scroll of enchant armour {unknown}
 j - a scroll of immolation {unknown}
 n - 2 scrolls of fog {unknown}
 o - a scroll of remove curse {unknown}
 r - 2 scrolls of revelation {unknown}
Potions
 d - a potion of berserk rage
 f - 2 potions of curing
 l - a potion of agility {unknown}
 p - a potion of might {unknown}
 q - a potion of lignification {unknown}
 s - a potion of flight {unknown}
Comestibles
 e - 2 rations {!d}


   Skills:
 - Level 4.0 Fighting
 - Level 4.0 Maces & Flails
 + Level 2.3 Dodging
 - Level 2.0 Stealth
 - Level 2.4 Spellcasting
   Level 1.0 Fire Magic
 + Level 0.4 Invocations
   Level 1.0 Evocations


You had 7 spell levels left.
You didn't know any spells.
Your spell library was empty.

Dungeon Overview and Level Annotations

Branches:
Dungeon (3/12)

Altars:
Cheibriados
Dithmenos
Elyvilon


Innate Abilities, Weirdness & Mutations

You move and act slowly.
You can pass through walls and trees.
Your branches can wield two-handed weapons with a shield.
Your thick bark is tough. (AC +11)
You are too large for most types of armour.
You are immune to negative energy. (rN+++)
Your system is resistant to poisons. (rPois)
You have a slow metabolism.
You are immune to unholy pain and torment.
You can survive without breathing.


Message History

You thump the orc!
You kill the orc!
You sock the jelly!
Your hands burn!
The jelly is heavily wounded.
The jelly closely misses you. The jelly hits you. The acid corrodes you!
You are splashed with acid!
You hit the jelly. The acid corrodes you!
Your hands burn!
The jelly is almost dead.
The jelly hits you.
You are splashed with acid!
The jelly hits you. The acid corrodes you!
You are splashed with acid.
* * * LOW HITPOINT WARNING * * *
You are too injured to fight recklessly!
You are too injured to fight recklessly!
You hit the jelly but do no damage.
Your hands burn!
* * * LOW HITPOINT WARNING * * *
The jelly is almost dead.
The jelly hits you.
* * * LOW HITPOINT WARNING * * *
You are splashed with acid!
You die...

#..........# #..........#
##..........###########
.'..........'.........#
##..........#########.#
#..........# #.# #..........#
#.#
#####################.######
.... ......J@............
#####################.#.##.##
# #.......# #.#... #
#####.......# #.# .#.######
....'.......' ..# .#.##....
#####.......# #.# #.##....
#.......# #.. #.##....
#.......# ....#.######
#####.......# #....#.# #


You could see a jelly.

Vanquished Creatures
  An orc wizard (D:3)
  2 adders
  An ooze (D:1)
  2 worms (D:2)
  A dart slug (D:3)
  5 orcs (D:3)
  4 giant cockroaches (D:1)
  5 hobgoblins
  2 quokkas (D:3)
  8 bats
  5 frilled lizards
  7 kobolds
  5 rats
48 creatures vanquished.

Vanquished Creatures (others)
  An adder (D:3)
1 creature vanquished.

Grand Total: 49 creatures vanquished

Notes
Turn   | Place    | Note
-------+----------+-------------------------------------------
     0 | D:1      | Finalfun the Ent Wanderer began the quest for the Orb.
     0 | D:1      | Finalfun set off with the following items: a +2 mace, a +0
                  | hand crossbow, 98 bolts, a potion of berserk rage, a ration
                  | {!d}
     0 | D:1      | Reached XP level 1. HP: 25/25 MP: 3/3
    91 | D:1      | Reached XP level 2. HP: 33/33 MP: 5/5
   820 | D:2      | Reached XP level 3. HP: 42/42 MP: 6/6
  1083 | D:2      | Found a white marble altar of Elyvilon.
  1092 | D:2      | Became a worshipper of Elyvilon the Healer
  1525 | D:2      | Found a shadowy altar of Dithmenos.
  1539 | D:2      | Found a snail-covered altar of Cheibriados.
  1617 | D:3      | Reached * piety under Elyvilon
  1793 | D:3      | Reached skill level 1 in Dodging
  1793 | D:3      | Reached XP level 4. HP: 48/51 MP: 7/7
  2045 | D:3      | Splashed by a jelly's acid

Skill      XL: |  1  2  3  4 |
---------------+-------------+-----
Stealth        | 2 |  2.0
Maces & Flails | 3 4 |  4.0
Fighting       | 4 |  4.0
Dodging        | 1 2 |  2.3
Spellcasting   | |  2.4
Fire Magic     | |  1.0
Invocations    | |  0.4
Evocations     | |  1.0

Action                   |  1- 3 |  4- 6 || total
-------------------------+-------+-------++-------
Melee: Mace              |    98 |    39 ||   137
Throw: Stone             |     4 |       ||     4
  Use: Scroll            |     1 |       ||     1
 Stab: Sleeping          |     3 |     2 ||     5
  Eat: Chunk             |     3 |       ||     3
       Ration            |     1 |       ||     1
Armor: Skin              |   105 |    22 ||   127
Dodge: Dodged            |    81 |    20 ||   101
